 Dungeon Crawl Stone Soup version 0.27.1-1-g398f81649c (webtiles) character file.

Game seed: 5733672535969847439

114 Kangaroobicon the Cudgeller (level 4, -2/40 HPs)
             Began as a Draconian Berserker on Sept 12, 2021.
             Was a Believer of Trog.
             Killed by nerve-wracking pain
             ... invoked by Grinder
              (7 damage)
             ... on level 3 of the Dungeon.
             The game lasted 00:26:04 (2249 turns).

Kangaroobicon the Cudgeller (Draconian Berserker)   Turns: 2249, Time: 00:26:04

Health: -2/40      AC:  5    Str: 19    XL:     4   Next: 67%
Magic:  4/4        EV: 12    Int:  8    God:    Trog [**....]
Gold:   137        SH:  0    Dex: 11    Spells: 3/3 levels left

rFire    . . .     SeeInvis .   l - +1 dagger (drain)
rCold    . . .     Faith    .   (no shield)
rNeg     + . .     Spirit   .   (armour unavailable)
rPois    .         Reflect  .   (helmet restricted)
rElec    .         Harm     .   (no cloak)
rCorr    .         Rampage  .   (no gloves)
Will     .....                  (no boots)
Stlth    +.........             (no amulet)
HPRegen  0.13/turn              n - ring of positive energy
MPRegen  0.09/turn              (no ring)

@: no status effects
A: AC +5, unfitting armour, cold-blooded
a: Renounce Religion, Berserk, Trog's Hand


You were on level 3 of the Dungeon.
You worshipped Trog.
Trog was pleased with you.
You visited 1 branch of the dungeon, and saw 3 of its levels.

You collected 137 gold pieces.

Inventory:

Hand Weapons
 a - a +0 mace
 i - a +0 dagger
 k - a +0 hand axe
 l - a +1 dagger of draining (weapon)
 m - a +0 club
Missiles
 f - 82 stones (quivered)
 h - 14 arrows
 r - 4 poisoned darts
Jewellery
 n - a ring of positive energy (left hand)
Scrolls
 d - 3 scrolls of teleportation {unknown}
 e - 7 scrolls of identify {unknown}
 g - a scroll of silence {unknown}
 j - a scroll of acquirement {unknown}
 p - a scroll of enchant armour {unknown}
 q - a scroll of noise {unknown}
Potions
 b - 2 potions of ambrosia {unknown}
 c - a potion of haste {unknown}
 o - a potion of heal wounds {unknown}


   Skills:
 + Level 3.8 Fighting
 + Level 4.4 Maces & Flails
 + Level 0.1 Throwing
 + Level 3.4 Dodging
 + Level 0.7 Stealth


You had 3 spell levels left.
You didn't know any spells.
Your spell library was empty.

Dungeon Overview and Level Annotations

Branches:
Dungeon (3/15)

Altars:
Elyvilon
Trog

Shops:
D:1 !

Annotations:
D:3 Grinder


Innate Abilities, Weirdness & Mutations

Your plain brown scales are hard. (AC +5)
You cannot fit into any form of body armour.
You are cold-blooded and may be slowed by cold attacks.


Message History

Grinder is lightly wounded.
Grinder hits you.
You hit Grinder.
Your tail-slap misses Grinder.
Grinder is lightly wounded.
Grinder hits you.
You hit Grinder.
Grinder is moderately wounded.
Grinder barely misses you.
You closely miss Grinder.
Grinder is moderately wounded.
Grinder hits you.
You closely miss Grinder.
Your tail-slap misses Grinder.
Grinder is moderately wounded.
Grinder gestures at you.
You suddenly lose the ability to move!
Grinder hits you but does no damage. Grinder gestures at you.
Pain shoots through your body! Grinder gestures at you.
You shrug off the repeated paralysis!
You can move again.
You closely miss Grinder.
Grinder is moderately wounded.
Grinder barely misses you.
You barely miss Grinder.
Grinder is moderately wounded.
Grinder says, "Mostly I couldn't keep them alive."
Grinder hits you!
You hit Grinder but do no damage.
Grinder is moderately wounded.
Grinder hits you.
* * * LOW HITPOINT WARNING * * *
You writhe in agony.
* * * LOW HITPOINT WARNING * * *
Grinder gestures at you. Pain shoots through your body!
* * * LOW HITPOINT WARNING * * *
Grinder gestures at you. Pain shoots through your body!
You die...

..........)###...........#
...##...†......#.........#
...##..........###########
...##...........#
..........≈.8.≈.#
...##.....≈...≈.#
...##.....≈≈.≈≈.##
...##.>...≈≈.≈≈..##########
..## .....≈≈.≈≈.@#<.......#
.## ###..≈≈_≈≈...........#
## ##.≈≈≈≈≈.##........#
>.....≈≈≈.5##........# #
####................>#
##.######.....##### ...
#......# .#######.#....# ##
#.....#....#


You could see Grinder.

Vanquished Creatures
  Robin (D:2)
  3 adders
  A dart slug (D:3)
  An orc (D:3)
  2 ball pythons
  7 bats
  6 endoplasms
  4 giant cockroaches
  12 goblins
  8 hobgoblins
  7 quokkas
  2 frilled lizards
  5 kobolds
  4 rats
63 creatures vanquished.

Notes
Turn   | Place    | Note
-------+----------+-------------------------------------------
     0 | D:1      | Kangaroobicon the Draconian Berserker began the quest for
                  | the Orb.
     0 | D:1      | Reached XP level 1. HP: 19/19 MP: 1/1
   225 | D:1      | Reached XP level 2. HP: 19/26 MP: 2/2
   706 | D:1      | Reached XP level 3. HP: 29/33 MP: 3/3
   737 | D:1      | Found Qan Civve's Distillery.
   740 | D:1      | Reached ** piety under Trog
  1256 | D:1      | Found a faded altar of an unknown god.
  1400 | D:2      | Noticed Robin
  1406 | D:2      | Reached skill level 4 in Maces & Flails
  1413 | D:2      | Killed Robin
  1414 | D:2      | Reached XP level 4. HP: 9/40 MP: 4/4
  1507 | D:2      | Found a white marble altar of Elyvilon.
  2189 | D:3      | Found a bloodstained altar of Trog.
  2227 | D:3      | Noticed Grinder
  2235 | D:3      | Paralysed by Grinder for 4 turns
  2249 | D:3      | Killed from afar by Grinder

Illustrated notes

Levels and vault maps discovered:
D:1:      dpeg_arrival_orchard, layout_basic, serial_corexii_hall,
          chequers_hall_statues_y, corexii_hall_statues_t, serial_shops, shop,
          basic_ecumenical_altar, kennysheep_doodads, minmay_quantized
D:2:      layout_basic, basic_altar, uniq_robin
D:3:      layout_rooms, palyth_temple_overflow_mages,
          mainiacjoe_overflow_catwalk, minmay_between, uniq_grinder,
          uniq_crazy_yiuf_cottage, uniq_jessica

Skill      XL: |  1  2  3 |
---------------+----------+-----
Dodging        | 3 |  3.4
Maces & Flails | 4 |  4.4
Fighting       | |  3.8
Throwing       | |  0.1
Stealth        | |  0.7

Action                   |  1- 3 |  4- 6 || total
-------------------------+-------+-------++-------
Melee: Mace              |   137 |     7 ||   144
       Tailslap          |    12 |     7 ||    19
       Dagger            |       |    50 ||    50
Throw: Stone             |    13 |     6 ||    19
 Stab: Sleeping          |     1 |       ||     1
Armor: Skin              |    35 |    12 ||    47
Dodge: Dodged            |   103 |    34 ||   137
